IL
NASHVILLE SOUNDS @ DURHAM BULLS
05/12/2048
 
TOP OF THE 1ST
Nashville Sounds batting - Pitching for Durham Bulls : LHP Chris Ross
Pitching: LHP Chris Ross
Batting: RHB Jeff Garofalo 0-0: Ball
1-0: Ball
2-0: Called Strike
2-1: Ball
3-1: Foul Ball, location: 2F
3-2: Base on Balls
Batting: SHB Robert Santiago 0-0: Called Strike
0-1: Fly out, F6 (Popup, 6S, EV 78.1 MPH)
Batting: RHB Tim Cordle 0-0: Fielders Choice at 2nd, 6-4 (Groundball, 6M, EV 90.0 MPH)
Batting: RHB David Herrera 0-0: Fly out, F8 (Flyball, 8RD, EV 89.4 MPH)
Top of the 1st over - 0 runs, 0 hits, 0 errors, 1 left on base; Nashville 0 - Durham 0
BOTTOM OF THE 1ST
Durham Bulls batting - Pitching for Nashville Sounds : RHP Carlos Alaniz
Pitching: RHP Carlos Alaniz
Batting: RHB Jonathan Fraire 0-0: Ball
1-0: SINGLE (Groundball, 56D, EV 102.5 MPH)
Batting: RHB Danny Diaz 0-0: Ball
1-0: Ball
2-0: Called Strike
2-1: Foul Ball, location: 2F
2-2: Ball
3-2: Foul Ball, location: 2F
3-2: Base on Balls
Jonathan Fraire to second
Batting: LHB Davion Lewis 0-0: Ball
1-0: Ball
2-0: Foul Ball, location: 2F
2-1: Fielders Choice at 2nd, 3-6 (Groundball, 3, EV 86.9 MPH)
Jonathan Fraire to third
Batting: RHB David Ward 0-0: Called Strike
0-1: SINGLE (Groundball, 4MD, EV 106.2 MPH) (infield hit)
Jonathan Fraire scores
Davion Lewis to second
Batting: LHB Jake Rheaume 0-0: Ball
1-0: Swinging Strike
1-1: Ball
2-1: Ball
3-1: Called Strike
3-2: SINGLE (Line Drive, 56, EV 104.4 MPH)
Davion Lewis to third
David Ward to second
Runner from 3rd tries for Home, SAFE, throw by LF to home
Batting: RHB Sesto Carpini 0-0: Swinging Strike
0-1: Ball
1-1: Foul Ball, location: 2F
1-2: Foul Ball, location: 2F
1-2: SINGLE (Groundball, 4MD, EV 98.1 MPH)
David Ward to third
Jake Rheaume to second
Runner from 3rd tries for Home, SAFE, throw by CF to home
Batting: RHB Jose Arriola 0-0: Ball
1-0: Foul Ball, location: 2F
1-1: Ball
2-1: Swinging Strike
2-2: Strikes out looking
Batting: RHB Kevin Benfield 0-0: Called Strike
0-1: Ball
1-1: Foul Ball, location: 2F
1-2: Ball
2-2: Ball
3-2: Base on Balls
Jake Rheaume to third
Sesto Carpini to second
Batting: RHB Freddy Mullen 0-0: Ball
1-0: Ball
2-0: Fielders Choice at 2nd, 5-4 (Groundball, 56, EV 81.2 MPH)
Bottom of the 1st over - 3 runs, 4 hits, 0 errors, 3 left on base; Nashville 0 - Durham 3
TOP OF THE 2ND
Nashville Sounds batting - Pitching for Durham Bulls : LHP Chris Ross
Batting: LHB Tomas Segarra 0-0: Ball
1-0: DOUBLE (Line Drive, 78D, EV 100.0 MPH)
Batting: RHB Wade Diamond 0-0: Called Strike
0-1: Ball
1-1: Swinging Strike
1-2: Strikes out swinging
Batting: RHB Robby Godwin 0-0: Ball
1-0: Called Strike
1-1: Fly out, F8 (Flyball, 8RD, EV 76.9 MPH)
Runner from 2nd tags up, OUT at 3rd! 8-5
Top of the 2nd over - 0 runs, 1 hit, 0 errors, 0 left on base; Nashville 0 - Durham 3
BOTTOM OF THE 2ND
Durham Bulls batting - Pitching for Nashville Sounds : RHP Carlos Alaniz
Batting: RHB Jonathan Fraire 0-0: Ball
1-0: Foul Ball, location: 2F
1-1: Ball
2-1: Ball
3-1: Foul Ball, location: 2F
3-2: Ground out 1-3 (Groundball, 13S, EV 71.2 MPH)
Batting: RHB Danny Diaz 0-0: Ball
1-0: Swinging Strike
1-1: Fly out, F9 (Flyball, 9, EV 91.2 MPH)
Batting: LHB Davion Lewis 0-0: Ball
1-0: Foul Ball, location: 2F
1-1: Ground out 1-3 (Groundball, 34S, EV 68.1 MPH)
Bottom of the 2nd over - 0 runs, 0 hits, 0 errors, 0 left on base; Nashville 0 - Durham 3
TOP OF THE 3RD
Nashville Sounds batting - Pitching for Durham Bulls : LHP Chris Ross
Batting: SHB Ryan Chicoine 0-0: Ball
1-0: Ball
2-0: SINGLE (Groundball, 25, EV 67.5 MPH) (infield hit)
Batting: RHB Eduardo Chavez 0-0: Ball
1-0: Called Strike
1-1: Foul Ball, location: 2F
1-2: Ball
2-2: Strikes out swinging
Batting: RHB Jeff Garofalo 0-0: Ball
1-0: Ball
2-0: Foul Ball, location: 2F
2-1: Ball
3-1: Foul Ball, location: 2F
3-2: Strikes out looking
Batting: SHB Robert Santiago 0-0: Ball
1-0: Foul Ball, location: 2F
1-1: Foul Ball, location: 2F
1-2: Fly out, F2 (Popup, 23F, EV 84.4 MPH)
Top of the 3rd over - 0 runs, 1 hit, 0 errors, 1 left on base; Nashville 0 - Durham 3
BOTTOM OF THE 3RD
Durham Bulls batting - Pitching for Nashville Sounds : RHP Carlos Alaniz
Batting: RHB David Ward 0-0: Called Strike
0-1: Called Strike
0-2: Foul Ball, location: 2F
0-2: Ball
1-2: Foul Ball, location: 2F
1-2: Foul Ball, location: 2F
1-2: Strikes out swinging
Batting: LHB Jake Rheaume 0-0: Swinging Strike
0-1: Fly out, F9 (Flyball, 9S, EV 95.6 MPH)
Batting: RHB Sesto Carpini 0-0: Foul Ball, location: 2F
0-1: Foul Ball, location: 2F
0-2: Ball
1-2: Ball
2-2: Foul Ball, location: 2F
2-2: Foul Ball, location: 2F
2-2: Ground out 5-3 (Groundball, 5, EV 88.1 MPH)
Bottom of the 3rd over - 0 runs, 0 hits, 0 errors, 0 left on base; Nashville 0 - Durham 3
TOP OF THE 4TH
Nashville Sounds batting - Pitching for Durham Bulls : LHP Chris Ross
Batting: RHB Tim Cordle 0-0: Ground out 6-3 (Groundball, 6, EV 84.4 MPH)
Batting: RHB David Herrera 0-0: Foul Ball, location: 2F
0-1: Swinging Strike
0-2: Strikes out swinging
Batting: LHB Tomas Segarra 0-0: Ball
1-0: Ball
2-0: Called Strike
2-1: Ball
3-1: Foul Ball, location: 2F
3-2: Strikes out swinging
Top of the 4th over - 0 runs, 0 hits, 0 errors, 0 left on base; Nashville 0 - Durham 3
BOTTOM OF THE 4TH
Durham Bulls batting - Pitching for Nashville Sounds : RHP Carlos Alaniz
Batting: RHB Jose Arriola 0-0: Ball
1-0: Foul Ball, location: 2F
1-1: Foul Ball, location: 2F
1-2: Ball
2-2: Ball
3-2: Foul Ball, location: 2F
3-2: Ground out 6-3 (Groundball, 56, EV 100.0 MPH)
Batting: RHB Kevin Benfield 0-0: Ball
1-0: Foul Ball, location: 2F
1-1: Foul Ball, location: 2F
1-2: Ball
2-2: Ball
3-2: Fly out, F7 (Flyball, 7D, EV 104.4 MPH)
Batting: RHB Freddy Mullen 0-0: Ground out 3-1 (Groundball, 34, EV 85.6 MPH)
Bottom of the 4th over - 0 runs, 0 hits, 0 errors, 0 left on base; Nashville 0 - Durham 3
TOP OF THE 5TH
Nashville Sounds batting - Pitching for Durham Bulls : LHP Chris Ross
Batting: RHB Wade Diamond 0-0: Reached on error, E5 (Groundball, 5, EV 78.8 MPH)
Batting: RHB Robby Godwin 0-0: Called Strike
0-1: Called Strike
0-2: Ball
1-2: Fly out, F5 (Popup, 25F, EV 77.5 MPH)
Batting: SHB Ryan Chicoine 0-0: Called Strike
0-1: Ball
1-1: Foul Ball, location: 2F
1-2: Foul Ball, location: 2F
1-2: Strikes out swinging
Batting: RHB Eduardo Chavez 0-0: Foul Ball, location: 2F
0-1: Fly out, F8 (Flyball, 8LM, EV 80.6 MPH)
Top of the 5th over - 0 runs, 0 hits, 1 error, 1 left on base; Nashville 0 - Durham 3
BOTTOM OF THE 5TH
Durham Bulls batting - Pitching for Nashville Sounds : RHP Carlos Alaniz
Batting: RHB Jonathan Fraire 0-0: Called Strike
0-1: Ground out 4-3 (Groundball, 4M, EV 78.8 MPH)
Batting: RHB Danny Diaz 0-0: Ground out 6-3 (Groundball, 6D, EV 105.0 MPH)
Batting: LHB Davion Lewis 0-0: SINGLE (Line Drive, 34D, EV 105.6 MPH)
Batting: RHB David Ward 0-0: Called Strike
0-1: Ball
Davion Lewis steals 2nd base
1-1: Ball
2-1: Foul Ball, location: 2F
2-2: Foul Ball, location: 2F
2-2: Foul Ball, location: 2F
2-2: Ball
3-2: Foul Ball, location: 2F
3-2: Fly out, F8 (Flyball, 8LXD, EV 96.9 MPH)
Bottom of the 5th over - 0 runs, 1 hit, 0 errors, 1 left on base; Nashville 0 - Durham 3
TOP OF THE 6TH
Nashville Sounds batting - Pitching for Durham Bulls : LHP Chris Ross
Batting: RHB Jeff Garofalo 0-0: Ball
1-0: Ball
2-0: Foul Ball, location: 2F
2-1: Called Strike
2-2: Ball
3-2: Base on Balls
Batting: SHB Robert Santiago 0-0: Swinging Strike
0-1: Foul Ball, location: 2F
0-2: Ball
1-2: SINGLE (Groundball, 6M, EV 87.5 MPH) (infield hit)
Jeff Garofalo to second
Batting: RHB Tim Cordle 0-0: SINGLE (Line Drive, 89S, EV 106.2 MPH)
Jeff Garofalo to third
Robert Santiago to second
Batting: RHB David Herrera 0-0: SINGLE (Line Drive, 6D, EV 96.2 MPH)
Jeff Garofalo scores
Robert Santiago to third
Tim Cordle to second
Batting: LHB Tomas Segarra 0-0: Ball
1-0: Ball
2-0: Called Strike
2-1: Ball
3-1: Foul Ball, location: 2F
3-2: DOUBLE (Line Drive, 78M, EV 100.6 MPH)
Robert Santiago scores
Tim Cordle scores
David Herrera to third
Batting: RHB Wade Diamond 0-0: Called Strike
0-1: Fly out, F9 (Flyball, 89D, EV 96.2 MPH)
Runner from 3rd tags up, SCORES, no throw by RF
Batting: RHB Robby Godwin 0-0: Ball
1-0: Ball
2-0: Fly out, F7 (Flyball, 7, EV 82.5 MPH)
Batting: SHB Ryan Chicoine 0-0: Called Strike
0-1: Ball
1-1: Called Strike
1-2: Ball
2-2: Ball
3-2: Strikes out swinging
Top of the 6th over - 4 runs, 4 hits, 0 errors, 1 left on base; Nashville 4 - Durham 3
BOTTOM OF THE 6TH
Durham Bulls batting - Pitching for Nashville Sounds : RHP Carlos Alaniz
Batting: LHB Jake Rheaume 0-0: Swinging Strike
0-1: SINGLE (Groundball, 56S, EV 67.5 MPH) (infield hit)
Batting: RHB Sesto Carpini 0-0: Called Strike
0-1: Ball
Jake Rheaume steals 2nd base
1-1: Foul Ball, location: 2F
1-2: Ball
2-2: Strikes out swinging
Pitching: RHP Jesus Gonzales
Batting: RHB Jose Arriola 0-0: Ball
1-0: Ball
2-0: Foul Ball, location: 2F
2-1: Ground out 1-3 (Groundball, 13S, EV 65.6 MPH)
Jake Rheaume to third
Batting: RHB Kevin Benfield 0-0: Ball
1-0: Ball
Wild Pitch!
Jake Rheaume scores
2-0: SINGLE (Flyball, 89S, EV 91.2 MPH)
Batting: RHB Freddy Mullen 0-0: Ball
1-0: Foul Ball, location: 2F
1-1: Called Strike
1-2: Foul Ball, location: 2F
1-2: Fly out, F8 (Flyball, 8RM, EV 88.8 MPH)
Bottom of the 6th over - 1 run, 2 hits, 0 errors, 1 left on base; Nashville 4 - Durham 4
TOP OF THE 7TH
Nashville Sounds batting - Pitching for Durham Bulls : LHP Chris Ross
Batting: RHB Eduardo Chavez 0-0: Called Strike
0-1: Ball
1-1: Ball
2-1: Foul Ball, location: 2F
2-2: Foul Ball, location: 2F
2-2: DOUBLE (Groundball, 5L, EV 103.8 MPH)
Batting: RHB Jeff Garofalo 0-0: Sac Bunt to 25 - play at first, batter safe!
Eduardo Chavez to third
Batting: SHB Robert Santiago 0-0: Swinging Strike
0-1: Ball
1-1: Called Strike
1-2: Strikes out swinging
Batting: RHB Tim Cordle 0-0: Ball
1-0: Called Strike
1-1: Ball
Jeff Garofalo is caught stealing 2nd base 2-4
2-1: Ground out 5-3 (Groundball, 25, EV 85.6 MPH)
Top of the 7th over - 0 runs, 2 hits, 0 errors, 1 left on base; Nashville 4 - Durham 4
BOTTOM OF THE 7TH
Durham Bulls batting - Pitching for Nashville Sounds : RHP Jesus Gonzales
Batting: RHB Jonathan Fraire 0-0: Ball
1-0: Foul Ball, location: 2F
1-1: Ground out 6-3 (Groundball, 6, EV 86.2 MPH)
Batting: RHB Danny Diaz 0-0: Ball
1-0: Ball
2-0: Called Strike
2-1: Swinging Strike
2-2: Fly out, F8 (Flyball, 8LM, EV 85.0 MPH)
Batting: LHB Davion Lewis 0-0: Fly out, F6 (Popup, 6M, EV 56.2 MPH)
Bottom of the 7th over - 0 runs, 0 hits, 0 errors, 0 left on base; Nashville 4 - Durham 4
TOP OF THE 8TH
Nashville Sounds batting - Pitching for Durham Bulls : LHP Chris Ross
Batting: RHB David Herrera 0-0: Ball
1-0: Fly out, F8 (Line Drive, 8RM, EV 91.9 MPH)
Batting: LHB Tomas Segarra 0-0: Swinging Strike
0-1: Swinging Strike
0-2: Ball
1-2: Foul Ball, location: 2F
1-2: Hit by Pitch
Pitching: RHP Alec Murphy
Pinch Hitting: SHB D.J. Codd 0-0: Called Strike
0-1: Ball
1-1: Ball
2-1: Foul Ball, location: 2F
2-2: Strikes out swinging
Batting: RHB Robby Godwin 0-0: SINGLE (Groundball, 6MD, EV 105.6 MPH)
Tomas Segarra to second
Runner from 2nd tries for 3rd, OUT! 8-5
Top of the 8th over - 0 runs, 1 hit, 0 errors, 1 left on base; Nashville 4 - Durham 4
BOTTOM OF THE 8TH
Durham Bulls batting - Pitching for Nashville Sounds : RHP Jesus Gonzales
Now in LF: Chance Stever
Batting: RHB David Ward 0-0: Ball
1-0: Ball
2-0: Ball
3-0: Called Strike
3-1: Base on Balls
Batting: LHB Jake Rheaume 0-0: Hit by Pitch
David Ward to second
Pinch Runner at 2nd Antonio Pacheco:
Pinch Hitting: SHB Brett McEwen 0-0: Swinging Strike
0-1: Ball
1-1: Foul Ball, location: 2F
1-2: Foul Ball, location: 2F
1-2: Strikes out swinging
Batting: RHB Jose Arriola 0-0: Foul Ball, location: 2F
0-1: Foul Ball, location: 2F
0-2: Strikes out looking
Batting: RHB Kevin Benfield 0-0: Swinging Strike
0-1: Ball
Passed Ball!
Antonio Pacheco to third
Jake Rheaume to second
1-1: Fly out, F8 (Line Drive, 8LM, EV 92.5 MPH)
Bottom of the 8th over - 0 runs, 0 hits, 0 errors, 2 left on base; Nashville 4 - Durham 4
TOP OF THE 9TH
Nashville Sounds batting - Pitching for Durham Bulls : RHP Alec Murphy
Now at 1B: Paul Landes
Now at SS: John Downing
Batting: SHB Ryan Chicoine 0-0: Ball
1-0: Called Strike
1-1: Ground out 5-3 (Groundball, 6S, EV 70.0 MPH)
Pinch Hitting: LHB Gregg Power 0-0: Ground out 4-3 (Groundball, 4, EV 108.1 MPH)
Batting: RHB Jeff Garofalo 0-0: Called Strike
0-1: Called Strike
0-2: Foul Ball, location: 2F
0-2: Ball
1-2: Foul Ball, location: 2F
1-2: Ground out 6-3 (Groundball, 6, EV 90.0 MPH)
Top of the 9th over - 0 runs, 0 hits, 0 errors, 0 left on base; Nashville 4 - Durham 4
BOTTOM OF THE 9TH
Durham Bulls batting - Pitching for Nashville Sounds : RHP Jesus Gonzales
Pitching: RHP Charlie Shook
Now at 2B: Ryan Kinkead
Batting: RHB Freddy Mullen 0-0: Called Strike
0-1: Fly out, F8 (Flyball, 8LS, EV 87.5 MPH)
Batting: RHB Jonathan Fraire 0-0: Ball
1-0: Called Strike
1-1: Ball
2-1: Ball
3-1: Fly out, F6 (Popup, 6, EV 79.4 MPH)
Batting: RHB Danny Diaz 0-0: Ball
1-0: Ball
2-0: Foul Ball, location: 2F
2-1: Ground out 6-3 (Groundball, 6, EV 106.2 MPH)
Bottom of the 9th over - 0 runs, 0 hits, 0 errors, 0 left on base; Nashville 4 - Durham 4
TOP OF THE 10TH
Nashville Sounds batting - Pitching for Durham Bulls : RHP Alec Murphy
Batting: SHB Robert Santiago 0-0: Called Strike
0-1: Called Strike
0-2: Foul Ball, location: 2F
0-2: Ball
1-2: Ball
2-2: Ground out 4-3 (Groundball, 4S, EV 86.2 MPH)
Batting: RHB Tim Cordle 0-0: Swinging Strike
0-1: Ball
1-1: Ball
2-1: Reached on error, E6 (Groundball, 56, EV 79.4 MPH)
Batting: RHB David Herrera 0-0: Ball
1-0: Fly out, F7 (Flyball, BS2, EV 91.2 MPH)
Batting: LHB Tomas Segarra 0-0: Called Strike
0-1: Fly out, F8 (Flyball, 8RS, EV 79.4 MPH)
Top of the 10th over - 0 runs, 0 hits, 1 error, 1 left on base; Nashville 4 - Durham 4
BOTTOM OF THE 10TH
Durham Bulls batting - Pitching for Nashville Sounds : RHP Charlie Shook
Batting: LHB Davion Lewis 0-0: Called Strike
0-1: Foul Ball, location: 2F
0-2: Ball
1-2: Ball
2-2: Foul Ball, location: 2F
2-2: Ball
3-2: Ground out 1-3 (Groundball, 25, EV 69.4 MPH)
Batting: RHB Paul Landes 0-0: Called Strike
0-1: Foul Ball, location: 2F
0-2: Ball
1-2: Ball
2-2: Foul Ball, location: 2F
2-2: Ball
3-2: Foul Ball, location: 2F
3-2: SINGLE (Line Drive, 78M, EV 103.1 MPH)
Batting: LHB Jake Rheaume 0-0: Called Strike
0-1: Foul Ball, location: 2F
0-2: Ball
1-2: Strikes out looking
Batting: RHB John Downing 0-0: Foul Ball, location: 2F
0-1: Swinging Strike
0-2: Fielders Choice at 2nd, 5-4 (Groundball, 5, EV 86.2 MPH)
Bottom of the 10th over - 0 runs, 1 hit, 0 errors, 1 left on base; Nashville 4 - Durham 4
TOP OF THE 11TH
Nashville Sounds batting - Pitching for Durham Bulls : RHP Alec Murphy
Pitching: LHP Tris Ross
Pinch Hitting: RHB Yonetoshi Muranaka 0-0: SINGLE (Groundball, 56D, EV 96.9 MPH)
Batting: RHB Robby Godwin 0-0: Called Strike
0-1: Swinging Strike
0-2: Ball
1-2: Strikes out swinging
Batting: SHB Ryan Chicoine 0-0: Ball
1-0: Ball
2-0: Ball
3-0: Base on Balls
Yonetoshi Muranaka to second
Batting: RHB Ryan Kinkead 0-0: Ball
1-0: Called Strike
1-1: SINGLE (Line Drive, 78M, EV 95.0 MPH)
Yonetoshi Muranaka to third
Ryan Chicoine to second
Runner from 3rd tries for Home, SAFE, throw by CF to home
Batting: RHB Jeff Garofalo 0-0: Called Strike
0-1: Ground out 3-1 (Groundball, 3, EV 99.4 MPH)
Ryan Chicoine to third
Ryan Kinkead to second
Batting: SHB Robert Santiago 0-0: Ground out 6-3 (Groundball, 6, EV 83.8 MPH)
Top of the 11th over - 1 run, 2 hits, 0 errors, 2 left on base; Nashville 5 - Durham 4
BOTTOM OF THE 11TH
Durham Bulls batting - Pitching for Nashville Sounds : RHP Charlie Shook
Now at 1B: Zachary DeLuca
Now in LF: Scott Wiggs
Batting: RHB Jose Arriola 0-0: Called Strike
0-1: Called Strike
0-2: Strikes out swinging
Batting: RHB Kevin Benfield 0-0: Ball
1-0: Foul Ball, location: 2F
1-1: Ball
2-1: Ball
3-1: Called Strike
3-2: Base on Balls
Batting: RHB Freddy Mullen 0-0: Ground out 3-1 (Groundball, 34S, EV 83.8 MPH)
Kevin Benfield to second
Batting: RHB Jonathan Fraire 0-0: Called Strike
0-1: Ball
1-1: DOUBLE (Flyball, 8LXD, EV 113.1 MPH)
Kevin Benfield scores
Batting: RHB Danny Diaz 0-0: Ball
1-0: Ball
2-0: Fly out, F9 (Flyball, 9, EV 81.9 MPH)
Bottom of the 11th over - 1 run, 1 hit, 0 errors, 1 left on base; Nashville 5 - Durham 5
TOP OF THE 12TH
Nashville Sounds batting - Pitching for Durham Bulls : LHP Tris Ross
Batting: RHB Tim Cordle 0-0: Ground out 1-3 (Groundball, 13, EV 68.8 MPH)
Batting: LHB Zachary DeLuca 0-0: Ball
1-0: DOUBLE (Line Drive, 8LXD, EV 108.1 MPH)
Batting: LHB Tomas Segarra 0-0: Ball
Zachary DeLuca is caught stealing 3rd base 2-5
1-0: Ball
2-0: Called Strike
2-1: Ball
3-1: Base on Balls
Batting: RHB Scott Wiggs 0-0: Ball
1-0: Called Strike
1-1: Ball
2-1: Ball
3-1: Called Strike
3-2: Foul Ball, location: 2F
3-2: Fly out, F4 (Popup, 4, EV 61.2 MPH)
Top of the 12th over - 0 runs, 1 hit, 0 errors, 1 left on base; Nashville 5 - Durham 5
BOTTOM OF THE 12TH
Durham Bulls batting - Pitching for Nashville Sounds : RHP Charlie Shook
Pitching: RHP Kevin Endsley
Batting: LHB Davion Lewis 0-0: Swinging Strike
0-1: Ball
1-1: Ball
2-1: Foul Ball, location: 2F
2-2: Strikes out looking
Batting: RHB Paul Landes 0-0: Foul Ball, location: 2F
0-1: Fly out, F9 (Line Drive, 9S, EV 102.5 MPH)
Batting: LHB Jake Rheaume 0-0: Ball
1-0: Called Strike
1-1: Ball
2-1: Foul Ball, location: 2F
2-2: Strikes out swinging
Bottom of the 12th over - 0 runs, 0 hits, 0 errors, 0 left on base; Nashville 5 - Durham 5
TOP OF THE 13TH
Nashville Sounds batting - Pitching for Durham Bulls : LHP Tris Ross
Batting: RHB Robby Godwin 0-0: Called Strike
0-1: Ground out 1-3 (Groundball, P, EV 70.6 MPH)
Batting: SHB Ryan Chicoine 0-0: Ball
1-0: Called Strike
1-1: Swinging Strike
1-2: Ball
2-2: Foul Ball, location: 2F
2-2: Ball
3-2: DOUBLE (Line Drive, 78D, EV 108.1 MPH)
Batting: RHB Ryan Kinkead 0-0: Called Strike
Ryan Chicoine steals 3rd, throwing error, E2
Ryan Chicoine scores
0-1: Foul Ball, location: 2F
0-2: Ball
1-2: Strikes out looking
Batting: RHB Jeff Garofalo 0-0: Foul Ball, location: 2F
0-1: Called Strike
0-2: Ball
1-2: Ball
2-2: Ball
3-2: Ground out 5-3 (Groundball, 56, EV 83.8 MPH)
Top of the 13th over - 1 run, 1 hit, 1 error, 0 left on base; Nashville 6 - Durham 5
BOTTOM OF THE 13TH
Durham Bulls batting - Pitching for Nashville Sounds : RHP Kevin Endsley
Batting: RHB John Downing 0-0: Ground out 4-3 (Groundball, 4, EV 85.0 MPH)
Batting: RHB Jose Arriola 0-0: DOUBLE (Flyball, 78XD, EV 107.5 MPH)
Batting: RHB Kevin Benfield 0-0: Ball
1-0: Swinging Strike
1-1: Ball
2-1: Called Strike
2-2: Ground out 5-3 (Groundball, 56S, EV 68.1 MPH)
Jose Arriola to third
Batting: RHB Freddy Mullen 0-0: Swinging Strike
0-1: Swinging Strike
0-2: Fly out, F8 (Line Drive, 8LD, EV 91.9 MPH)
Bottom of the 13th over - 0 runs, 1 hit, 0 errors, 1 left on base; Nashville 6 - Durham 5
Tuesday, March 28th , 2023 - OOTP Baseball 23.10 Build 110